 Dungeon Crawl Stone Soup version 0.28.0-1-gb440e238dd (webtiles) character file.

Game seed: 3796486784099320164

58 smarlow the Conjurer (level 3, -2/19 HPs)
             Began as a Deep Elf Conjurer on Feb 23, 2022.
             Killed from afar by an orc wizard (6 damage)
             ... with a magic dart
             ... on level 3 of the Dungeon.
             The game lasted 00:01:44 (1828 turns).

smarlow the Conjurer (Deep Elf Conjurer)            Turns: 1828, Time: 00:01:44

Health: -2/19      AC:  3    Str:  4    XL:     3   Next: 75%
Magic:  2/10       EV: 12    Int: 24    God:
Gold:   98         SH:  0    Dex: 13    Spells: 7/10 levels left

rFire   . . .      SeeInvis .   (no weapon)
rCold   . . .      Faith    .   (no shield)
rNeg    . . .      Spirit   .   a - +0 robe
rPois   .          Reflect  .   (no helmet)
rElec   .          Harm     .   d - +0 cloak
rCorr   .          Rampage  .   (no gloves)
Will    .....                   (no boots)
Stlth   ++........              (no amulet)
HPRegen 0.06/turn               (no ring)
MPRegen 0.12/turn               (no ring)

@: no status effects
A: no striking features
a: no special abilities


You were on level 3 of the Dungeon.
You visited 1 branch of the dungeon, and saw 3 of its levels.

You collected 98 gold pieces.

Inventory:

Armour
 a - a +0 robe (worn)
 d - a +0 cloak (worn)
Jewellery
 h - a ring of see invisible
Scrolls
 c - a scroll of enchant armour {unknown}
 f - 2 scrolls of identify {unknown}
Potions
 b - a potion of flight {unknown}
 e - 2 potions of attraction {unknown}
 g - a potion of heal wounds {unknown}
 i - a potion of degeneration {unknown}


   Skills:
 - Level 2.5 Dodging
 - Level 2.5 Stealth
 + Level 4.0 Spellcasting
 * Level 5.4 Conjurations


You had 7 spell levels left.
You knew the following spells:

 Your Spells              Type           Power      Damage    Failure   Level
a - Magic Dart            Conj           100%       1d8       1%          1
b - Searing Ray           Conj           62%        2d6       1%          2

Your spell library contained the following spells:

 Spells                   Type           Power      Damage    Failure   Level
 Shock                    Conj/Air       72%        1d7       3%          1
 Dazzling Flash           Conj/Hex       36%        N/A       10%         3
 Gell's Gravitas          Tloc           4%         N/A       28%         3
 Swiftness                Air            4%         N/A       28%         3
 Teleport Other           Tloc           4%         N/A       28%         3
 Fulminant Prism          Conj/Hex       9%         3d7       30%         4
 Iskenderun's Mystic Bla  Conj/Tloc      18%        2d6       30%         4
 Airstrike                Air            2%         N/A       67%         4
 Dispersal                Tloc           2%         N/A       100%        6


Dungeon Overview and Level Annotations

Branches:
Dungeon (3/15)

Altars:


Message History

You open the door.
Found a stone staircase leading down.
There is an open door here.
You open the door.
There is an open door here.
An orc priest comes into view. It is wielding a +0 club.
The magic dart hits the orc priest!
The orc priest is heavily wounded.
The orc priest shouts!
The magic dart hits the orc priest.
The orc priest is severely wounded.
The magic dart hits the orc priest!
You kill the orc priest!
An orc wizard comes into view. It is wielding a +0 dagger.
The orc wizard moves out of view.
Your Spellcasting skill increases to level 4!
You have reached level 3!
Your experience leads to an increase in your attributes!
Increase (S)trength, (I)ntelligence, or (D)exterity?
You feel clever. x2
An orc comes into view. It is wielding a +0 whip.
The magic dart hits the orc.
The orc is lightly wounded.
The orc shouts!
The magic dart hits the orc.
The orc is moderately wounded.
The magic dart hits the orc.
The orc is heavily wounded.
The magic dart hits the orc.
You kill the orc!
The orc wizard casts a spell at you. The puff of flame hits you!
The orc wizard gestures at you while chanting.
You resist with some effort.
The orc wizard points at you and mumbles some strange words.
The puff of flame hits you!
* * * LOW HITPOINT WARNING * * *
The orc wizard casts a spell at you. The magic dart hits you.
You die...

########............#
.^..................#
....................#
....................#
............>........
........#'##+#######.
........#.#
........#.########
.........@........
..................
..)...............
.)o...............
#+##+#+#..........
#..........
#..........
#..........
##+######+


You could see an orc wizard.

Vanquished Creatures
  An orc priest (D:3)
  An orc (D:3)
  4 endoplasms
  2 goblins
  5 hobgoblins
  4 jackals (D:1)
  A ball python (D:3)
  2 bats
  A frilled lizard (D:1)
  3 kobolds
  2 rats (D:3)
26 creatures vanquished.

Notes
Turn   | Place    | Note
-------+----------+-------------------------------------------
     0 | D:1      | smarlow the Deep Elf Conjurer began the quest for the Orb.
     0 | D:1      | Reached XP level 1. HP: 10/10 MP: 6/6
   369 | D:1      | Reached XP level 2. HP: 15/15 MP: 6/8
  1088 | D:2      | Found a faded altar of an unknown god.
  1337 | D:2      | Reached skill level 5 in Conjurations
  1533 | D:2      | Learned a level 2 spell: Searing Ray
  1822 | D:3      | Reached XP level 3. HP: 19/19 MP: 5/10
  1828 | D:3      | Killed from afar by an orc wizard

Illustrated notes

Levels and vault maps discovered:
D:1:      psy_arrival_fountain, layout_loops_ring, kennysheep_small_spiral,
          minivault_5
D:2:      layout_basic, chequers_ecumenical_altar_island
D:3:      layout_basic, gammafunk_ghost_nasty_kobolds

Skill      XL: |  1  2 |
---------------+-------+-----
Conjurations   | 5 |  5.4
Spellcasting   | 4 |  4.0
Dodging        | |  2.5
Stealth        | |  2.5

Action                   || total
-------------------------++-------
 Cast: Magic Dart        ||    49
